 Dungeon Crawl Stone Soup version 0.31-a0-1082-g7d1fb776a8 (webtiles) character file.

Game seed: 16792023347432413372

108 Flugslaktarn the Changeling (level 4, -1/29 HPs)
             Began as an Octopode Shapeshifter on Nov 28, 2023.
             Slain by a shadow imp (6 damage)
             ... on level 3 of the Dungeon.
             The game lasted 00:00:45 (1762 turns).

Flugslaktarn the Changeling (Octopode Shapeshifter) Turns: 1762, Time: 00:00:45

Health: -1/29      AC:  1    Str: 13    XL:     4   Next: 87%
Magic:  4/4        EV: 13    Int: 12    God:
Gold:   142        SH:  0    Dex: 13    Spells: 3/3 levels left

rFire   . .          .
                       - Unarmed
rCold   . . .        (no shield)
rNeg    . . .        (helmet currently unavailable)
rPois   .            (no amulet)
rElec   .            k - ring of flight
rCorr   .            (no ring)
SInv    .            (no ring)
Will    .....        (no ring)
Stlth   ++           (no ring)
HPRegen 0.24/turn    (no ring)
MPRegen 0.09/turn    (no ring)
                     (no ring)

%: no passive effects
@: beast-form, flying
A: beast (slay +2), almost no armour, amphibious, 8 rings, camouflage 1,
gelatinous body 1, (nimble swimmer 1), tentacles
a: Begin Untransformation


You were on level 3 of the Dungeon.
You were a hulking beast.
You visited 1 branch of the dungeon, and saw 4 of its levels.

You collected 142 gold pieces.

Inventory:

Jewellery
 j - a ring of ice
   (You found it on level 1 of the Dungeon)
 k - a ring of flight (left tentacle)
   (You found it on level 2 of the Dungeon)
Talismans
 b - a beast talisman
 c - a flux talisman
Scrolls
 f - a scroll of fog {unknown}
 g - a scroll of amnesia {unknown}
 h - a scroll of poison {unknown}
 l - 2 scrolls of vulnerability {unknown}
 o - 5 scrolls of identify {unknown}
 p - a scroll of noise {unknown}
 r - a scroll of enchant armour {unknown}
Potions
 a - a potion of lignification
 d - a potion of haste {unknown}
 e - a potion of might {unknown}
 i - a potion of attraction {unknown}
 m - 2 potions of brilliance {unknown}
 n - a potion of mutation {unknown}
 q - a potion of cancellation {unknown}


   Skills:
 + Level 2.3 Fighting
 - Level 2.0 Dodging
 + Level 3.7 Unarmed Combat
 * Level 4.1 Shapeshifting


You had 3 spell levels left.
You didn't know any spells.
Your spell library was empty.

Dungeon Overview and Level Annotations

Branches:
Dungeon (4/15)
 Temple: D:4-7

Altars:


Innate Abilities, Weirdness & Mutations

You are a hulking beast.
Your limbs bulge with bestial killing power. (Slay +2)
You cannot wear most types of armour.
You are amphibious.
You can wear up to eight rings at the same time.
Your skin changes colour to match your surroundings (Stealth+).
Your rubbery body absorbs attacks. (AC +1, EV +1)
((You are camouflaged when in or above water. (Stealth+)))
You have tentacles for arms and can constrict up to eight enemies at once.


Message History

No target in view!
You now have 135 gold pieces (gained 14).
Found a helmet.
q - a fizzy blue potion No target in view!
No target in view!
No target in view!
No target in view!
No target in view!
No target in view!
No target in view!
You see here a +0 helmet.
Found a stone staircase leading up.
No target in view!
You reach down and open the door.
There is an open door here.
r - a scroll labelled SAVIOTWUTIRGH
There is an escape hatch in the ceiling here.
Found a leather armour.
No target in view!
No target in view!
No target in view!
No target in view!
No target in view!
You now have 142 gold pieces (gained 7).
o - 5 scrolls labelled OLOOVA EQAPP (gained 3)
Found a stone staircase leading down.
There is a stone staircase leading down here.
You reach down and open the door.
There is an open door here.
There is an open door here.
Found 3 stones.
You see here 3 stones.
Found a stone staircase leading up.
You see here 3 stones.
There is an open door here.
Found a ring mail.
No target in view!
No target in view!
No target in view!
No target in view!
No target in view!
Done exploring.
Done exploring.
There is a stone staircase leading down here.
You fly downwards.
The shadow imp shouts, "Despair, thou unctious idle-headed maggot-pie!"
The shadow imp shouts, "Scamper home, thou pottle-deep flap-mouthed flirt-gill!"
The shadow imp shouts!
There is a stone staircase leading up here.
There are monsters nearby!
There are monsters nearby!
There are monsters nearby!
The shadow imp shouts!
You tentacle-slap the giant cockroach but do no damage.
Your grab misses the giant cockroach. The giant cockroach bites you.
You tentacle-slap the giant cockroach. Your grab misses the giant cockroach.
Your squeeze misses the giant cockroach.
The giant cockroach is heavily wounded.
The shadow imp spits at you. The giant cockroach misses you.
You bludgeon the giant cockroach!
You kill the giant cockroach!
The shadow imp barely misses you.
You tentacle-slap the shadow imp but do no damage.
Your grab misses the shadow imp. The shadow imp barely misses you.
The shadow imp closely misses you. The shadow imp gestures at you.
Pain shoots through your body!
You tentacle-slap the shadow imp. You grab the shadow imp.
The shadow imp is heavily wounded.
You constrict the shadow imp. The shadow imp barely misses you. x2
The shadow imp closely misses you.
You barely miss the shadow imp.
The shadow imp is heavily wounded.
You constrict the shadow imp. The shadow imp barely misses you. x2
The shadow imp hits you.
You tentacle-slap the shadow imp.
You kill the shadow imp!
The shadow imp barely misses you. The shadow imp hits you.
You tentacle-slap the shadow imp. Your grab misses the shadow imp.
Your squeeze misses the shadow imp.
The shadow imp is moderately wounded.
The shadow imp closely misses you. The shadow imp hits you. x2
You are too injured to fight recklessly!
You are too injured to fight recklessly!
You are too injured to fight recklessly!
You tentacle-slap the shadow imp. Your grab misses the shadow imp.
The shadow imp is severely wounded.
The shadow imp hits you.
* * * LOW HITPOINT WARNING * * *
The shadow imp closely misses you. The shadow imp barely misses you.
The shadow imp shouts, "Begone, thou mewling full-gorged bloater!"
The shadow imp closely misses you.
There is a stone staircase leading up here.
You fly upwards.
There is a stone staircase leading down here.
You closely miss the shadow imp. Your grab misses the shadow imp.
The shadow imp hits you.
You die...

....##.###...#.#.# #..........#
.......# #...#.#.###..........#
......####...#.#.##...........#
......+......#.#.#..###########
......###....#.#.#.##########
...##).##....#.#............#
...............#.##.........#
..#.#.#.#......#5##.........#
................h...........#
#.#.#.#.#.......5.######'#####
..................# #.# #<#
#.#.#.#.#.........# #.# #.#
..................# #.# #.#
#.#.#.#.#......#### #.# #.#
#.........)....# #.# #.#
################ #.# #.#
#.###.#


You could see 2 shadow imps.

Vanquished Creatures
  Terence (D:2)
  2 adders (D:2)
  A shadow imp (D:4)
  A worm (D:2)
  3 dart slugs
  An orc (D:3)
  4 endoplasms
  3 giant cockroaches
  5 goblins
  2 hobgoblins
  6 kobolds
  2 quokkas
  5 ball pythons
  7 bats
  4 frilled lizards
  2 rats (D:1)
49 creatures vanquished.

Notes
Turn   | Place    | Note
-------+----------+-------------------------------------------
     0 | D:1      | Flugslaktarn the Octopode Shapeshifter began the quest for
                  | the Orb.
     0 | D:1      | Reached XP level 1. HP: 13/13 MP: 1/1
   100 | D:1      | Reached XP level 2. HP: 18/18 MP: 2/2
   473 | D:1      | Reached XP level 3. HP: 22/23 MP: 3/3
   890 | D:2      | Noticed Terence
   899 | D:2      | Killed Terence
   900 | D:2      | Reached XP level 4. HP: 29/29 MP: 4/4
   909 | D:2      | Reached skill level 4 in Shapeshifting
  1762 | D:3      | Slain by a shadow imp

Illustrated notes

Levels and vault maps discovered:
D:1:      giann_wishing_wells, layout_basic, minivault_11,
          minmay_indecisive_spiral
D:2:      layout_rooms, uniq_terence
D:3:      layout_basic, serial_glass, glass_columns_a, glass_columns_c,
          minmay_box_of_dots
D:4:      wad_woods_tower, layout_rooms, mainiacjoe_overflow_alcove_4,
          serial_demonic, serial_demonic_d, serial_demonic_d, serial_demonic_a,
          serial_demonic_c, serial_shops, nicolae_inconvenience_store,
          uniq_grinder

Skill      XL: |  1  2  3  4 |
---------------+-------------+-----
Fighting       | 2 |  2.3
Shapeshifting  | 4 |  4.1
Dodging        | |  2.0
Unarmed Combat | |  3.7

Action                     |  1- 3 |  4- 6 || total
---------------------------+-------+-------++-------
  Melee: Unarmed           |    62 |    32 ||    94
         Constrict         |    16 |     6 ||    22
         Tentacles         |     8 |     3 ||    11
         Punch             |     3 |       ||     3
   Stab: Sleeping          |     8 |     6 ||    14
         Distracted        |       |     1 ||     1
 Armour: Skin              |    16 |    10 ||    26
  Dodge: Dodged            |    29 |    23 ||    52

Table legend: (Time is in decaauts)
 A = Elapsed time spent in this place.
 B = Non-inter-level travel time spent in this place.
 C = Inter-level travel time spent in this place.
 D = Time resting spent in this place.
 E = Time spent auto-exploring this place.
 F = Levels seen in this place.
 G = Mean time per level.
                   A        B        C        D        E       F      G
               +--------+--------+--------+--------+--------+-----+--------+
         Total |   1754 |   1703 |     51 |      0 |   1417 |   4 |  438.5 |
       Dungeon |   1754 |   1703 |     51 |      0 |   1417 |   4 |  438.5 |
               +--------+--------+--------+--------+--------+-----+--------+

Top non-repeatable levels by time:
     D:1: 752 daAuts
     D:3: 531 daAuts
     D:2: 458 daAuts
     D:4: 12 daAuts
